 Dungeon Sprint DCSS version 0.29-a0-322-g68df515428 (webtiles) character file.

Game seed: 6060995326879345340

10832 garrulousMonolith the Ninja (level 11, 0/56 HPs)
             Began as a Spriggan Enchanter on Apr 7, 2022.
             Was an Initiate of Gozag.
             Killed from afar by a deep elf annihilator (26 damage)
             ... with a crystal spear
             ... in the Dungeon (Sprint I: "Red Sonja").
             The game lasted 00:16:48 (3347 turns).

garrulousMonolith the Ninja (Spriggan Enchanter)    Turns: 3347, Time: 00:16:49

Health: 0/56       AC:  3    Str:  4    XL:     11   Next: 41%
Magic:  14/26      EV: 22    Int: 18    God:    Gozag
Gold:   2816       SH:  6    Dex: 19    Spells: 18/31 levels left

rFire   + . .      SeeInvis +   t - +0 dagger (venom)
rCold   . . .      Faith    .   c - +1 buckler {reflect}
rNeg    . . .      Spirit   .   b - +0 robe
rPois   .          Reflect  +   p - +1 hat
rElec   .          Harm     .   m - scarf {+Inv}
rCorr   .          Rampage  .   (gloves unavailable)
Will    +....      NoTele   +   (boots unavailable)
Stlth   ++++++++++              (no amulet)
HPRegen 0.18/turn               n - ring of protection from fire
MPRegen 0.20/turn               e - ring "Natuhesu" {+Blink Fly}

@: confusing by touch, flying, very quick
A: very small, no large weapons, unfitting armour, see invisible, speed 3
a: Renounce Religion, Evoke Blink, Evoke Invisibility, Potion Petition, Call
Merchant, Bribe Branch


You were in the Dungeon.
You worshipped Gozag.
Gozag was most pleased with you.
You visited 1 branch You collected 6006 gold pieces.
You spent 1667 gold pieces at shops.
You paid 1523 gold pieces to Gozag.

Inventory:

Hand Weapons
 a - a +1 vampiric dagger
 j - a +2 short sword of venom
 t - a +0 dagger of venom (weapon)
Missiles
 k - 3 curare-tipped darts (quivered)
Armour
 b - a +0 robe (worn)
 c - a +1 buckler of reflection (worn)
 m - a scarf of invisibility (worn)
 o - a +0 cloak
 p - a +1 hat (worn)
Magical Staves
 r - a staff of fire
Jewellery
 e - the ring "Natuhesu" (right hand) {+Blink Fly}
   (You bought it in a shop in the Dungeon)

   [ring of flight]

   Fly:       It grants you flight.
   +Blink:    It lets you blink.
 l - a ring of poison resistance
 n - a ring of protection from fire (left hand)
Wands
 u - a wand of digging (4)
Scrolls
 i - a scroll of blinking
 s - a scroll of identify {unknown}
Potions
 d - a potion of curing
 f - 2 potions of haste
 g - a potion of magic
 h - a potion of flight {unknown}
 q - a potion of attraction {unknown}


   Skills:
 + Level 5.9 Fighting
 - Level 12.0 Short Blades
 - Level 8.8 Dodging
 O Level 27 Stealth
 - Level 10.5 Spellcasting
 - Level 8.5 Hexes
 + Level 7.4 Ice Magic
 * Level 12.9 Evocations


You had 18 spell levels left.
You knew the following spells:

 Your Spells              Type           Power      Damage    Failure   Level
a - Ensorcelled Hibernat  Hex/Ice        76%        N/A       1%          2
b - Confusing Touch       Hex            40%        N/A       1%          3
c - Tukima's Dance        Hex            40%        N/A       1%          3
d - Apportation           Tloc           18%        N/A       17%         1
e - Dazzling Flash        Conj/Hex       48%        N/A       9%          3
f - Animate Skeleton      Necr           18%        N/A       17%         1

Your spell library contained the following spells:

 Spells                   Type           Power      Damage    Failure   Level
 Summon Small Mammal      Summ           36%        N/A       17%         1
 Metabolic Englaciation   Hex/Ice        19%        N/A       17%         5
 Petrify                  Tmut/Erth      9%         N/A       86%         4
 Statue Form              Tmut/Erth      6%         N/A       100%        6


Dungeon Overview and Level Annotations

Branches:
Dungeon (1/1)

Altars:
Cheibriados
Dithmenos
Elyvilon
Fedhas
Gozag
Hepliaklqana
Kikubaaqudgha
Makhleb
Nemelex Xobeh
Okawaru
Qazlal
Ru
Sif Muna
Trog
Uskayaw
Vehumet
Wu Jian
Xom
Yredelemnul
Zin
The Shining One
Jiyva
Lugonu

Shops:
D (!*(([*[=?*(=!:=[(

Annotations:
D exclusion: 4 doors


Innate Abilities, Weirdness & Mutations

You are very small and have problems with some larger weapons.
You are too small for most types of armour.
You have supernaturally acute eyesight. (SInv)
You cover ground extremely quickly. (Speed+++)


Message History

The deep elf annihilator resists with almost no effort.
Casting: Ensorcelled Hibernation (safe; 1% risk of failure)
Confirm with . or Enter, or press ? or * to list all spells.
Aiming: Ensorcelled Hibernation (safe; 1% risk of failure)
Press: ? - help, Shift-Dir - straight line, f/p - deep elf annihilator
Aim: a deep elf annihilator, wielding a +0 short sword (steam, chance to affect: 1%)
The deep elf annihilator resists with almost no effort.
The deep elf annihilator is engulfed in a cloud of scalding steam.
Casting: Ensorcelled Hibernation (safe; 1% risk of failure)
Confirm with . or Enter, or press ? or * to list all spells.
Aiming: Tukima's Dance (safe; 1% risk of failure)
Press: ? - help, Shift-Dir - straight line, f/p - deep elf annihilator
Aim: a deep elf annihilator, wielding a +0 short sword (lightly wounded, chance to affect: 1%)
The deep elf annihilator resists with almost no effort.
The deep elf annihilator is engulfed in a cloud of scalding steam.
The deep elf annihilator points at you and mumbles some strange words.
The crystal spear hits you!!
Ouch! That really hurt!
Casting: Tukima's Dance (safe; 1% risk of failure)
Confirm with . or Enter, or press ? or * to list all spells.
Casting: Dazzling Flash (dangerous; 9% risk of failure)
Press: ? - help, Dir - look around, f - activate The deep elf annihilator is engulfed in a cloud of scalding steam.
The deep elf annihilator barely misses you.
Okay, then.
Okay, then.
Okay, then.
Casting: Dazzling Flash (dangerous; 9% risk of failure)
Confirm with . or Enter, or press ? or * to list all spells.
Your hands begin to glow red.
The deep elf annihilator is engulfed in a cloud of scalding steam.
The deep elf annihilator completely misses you.
You barely miss the deep elf annihilator.
The deep elf annihilator is moderately wounded.
You hit the deep elf annihilator but do no damage.
The deep elf annihilator is moderately wounded.
The deep elf annihilator points at you and mumbles some strange words.
The crystal spear hits you!!
You die...
Your body crumbles into a pile of gold. #################### §§§.§.§§'..#.)'....# $$$$$$ ##§§§§§##..'..#§§.§## $$$$$$ ##§§§#######+#§§§§§# $$$$ #$###+# #..#§§§§§#$$$ $$$$ .$#y# $$$#..##@§§§#$ $ $$$$ .$### $#..≈e##+##$$$ $$$$ .$$$# $#..≈. $$$$

$#..≈.
$$$
$#..≈#
$$
#..≈#
$$ $$
≈..# $
$ $
M≈..


$$$$$$$ $ You could see a deep elf annihilator and a mummy priest.

Vanquished Creatures
  A hydra (D)
  2 centaur warriors (D)
  Sonja (D)
  A deep troll (D)
  A lindwurm (D)
  An oklob plant (D)
  2 merfolk sirens (D)
  2 unseen horrors (D)
  A gargoyle (D)
  A hellwing (D)
  2 kobold demonologists (D)
  4 demonic crawlers (D)
  A hornet (D)
  A slime creature (D)
  Sigmund (D)
  A yak (D)
  13 hogs (D)
  2 redbacks (D)
  3 floating eyes (D)
  An ogre (D)
  7 necrophages (D)
  8 jellies (D)
  Ijyb (D)
  A ballistomycete spore (D)
59 creatures vanquished.

Vanquished Creatures (others)
  A ballistomycete spore (D)
1 creature vanquished.

Grand Total: 60 creatures vanquished

Notes
Turn   | Place    | Note
-------+----------+-------------------------------------------
     0 | D        | garrulousMonolith the Spriggan Enchanter began the quest
                  | for the Orb.
     0 | D        | Reached XP level 1. HP: 9/9 MP: 5/5
     3 | D        | Noticed Ijyb
    13 | D        | Noticed an ogre
    15 | D        | Found a blossoming altar of Fedhas.
    15 | D        | Found a stormy altar of Qazlal.
    15 | D        | Found a hazy altar of Hepliaklqana.
    16 | D        | Noticed a yak
    19 | D        | Killed Ijyb
    20 | D        | Reached skill level 5 in Stealth
    20 | D        | Reached XP level 2. HP: 13/13 MP: 6/8
    28 | D        | Killed a yak
    29 | D        | Reached skill level 5 in Short Blades
    29 | D        | Reached skill level 8 in Stealth
    29 | D        | Reached XP level 3. HP: 4/16 MP: 6/11
    29 | D        | Reached XP level 4. HP: 6/21 MP: 7/13
    29 | D        | Reached XP level 5. HP: 7/24 MP: 7/14
    29 | D        | Found a glowing silver altar of Zin.
    29 | D        | Found a white marble altar of Elyvilon.
    29 | D        | Found an iron altar of Okawaru.
    29 | D        | Found a glowing golden altar of the Shining One.
    29 | D        | Found an ancient bone altar of Kikubaaqudgha.
    29 | D        | Found a hide-covered altar of Uskayaw.
    29 | D        | Found a basalt altar of Yredelemnul.
    29 | D        | Found an opulent altar of Gozag.
    29 | D        | Found a sacrificial altar of Ru.
    29 | D        | Found a sparkling altar of Nemelex Xobeh.
    29 | D        | Found a shadowy altar of Dithmenos.
    30 | D        | Found a bloodstained altar of Trog.
    30 | D        | Found Emichut's Distillery.
    30 | D        | Found a snail-covered altar of Cheibriados.
    35 | D        | Killed an ogre
    36 | D        | Reached skill level 9 in Stealth
    43 | D        | Became a worshipper of Gozag Ym Sagoz the Greedy
   269 | D        | Learned a level 2 spell: Ensorcelled Hibernation
   269 | D        | Noticed Sigmund
   274 | D        | Killed Sigmund
   275 | D        | Reached skill level 10 in Stealth
   275 | D        | Reached XP level 6. HP: 28/28 MP: 12/18
   320 | D        | Found a shimmering blue altar of Sif Muna.
   321 | D        | Found an ornate altar of the Wu Jian Council.
   322 | D        | Found a radiant altar of Vehumet.
   328 | D        | Reached skill level 11 in Stealth
   362 | D        | Noticed Sonja
   366 | D        | Killed Sonja
   367 | D        | Reached skill level 18 in Stealth
   367 | D        | Reached XP level 7. HP: 32/32 MP: 19/19
   383 | D        | Found Huavav Hoxo's Weapon Boutique.
   791 | D        | Found a viscous altar of Jiyva.
   791 | D        | Found a corrupted altar of Lugonu.
   791 | D        | Noticed a slime creature
   792 | D        | Found a burning altar of Makhleb.
   792 | D        | Found a shimmering altar of Xom.
   794 | D        | Killed a slime creature
   795 | D        | Reached skill level 19 in Stealth
   795 | D        | Reached XP level 8. HP: 36/36 MP: 21/21
   820 | D        | Noticed a deep troll
   824 | D        | Killed a deep troll
   825 | D        | Reached skill level 22 in Stealth
   837 | D        | Found Rumafuok's Armour Emporium.
   842 | D        | Bought a scarf of invisibility for 144 gold pieces
   842 | D        | Bought a +0 buckler for 54 gold pieces
   842 | D        | Bought a +0 cloak for 54 gold pieces
   856 | D        | Learned a level 3 spell: Confusing Touch
   860 | D        | Learned a level 3 spell: Tukima's Dance
  1084 | D        | Noticed a centaur warrior
  1084 | D        | Noticed a centaur warrior
  1087 | D        | Killed a centaur warrior
  1088 | D        | Reached skill level 24 in Stealth
  1088 | D        | Reached XP level 9. HP: 35/39 MP: 22/22
  1089 | D        | Killed a centaur warrior
  1090 | D        | Reached skill level 26 in Stealth
  1134 | D        | Noticed an oklob plant
  1136 | D        | Killed an oklob plant
  1137 | D        | Reached skill level 27 in Stealth
  1137 | D        | Reached skill level 1 in Ice Magic
  1271 | D        | Noticed an unseen horror
  1271 | D        | Noticed an unseen horror
  1296 | D        | Killed an unseen horror
  1297 | D        | Reached XP level 10. HP: 42/44 MP: 16/24
  1555 | D        | Reached skill level 10 in Short Blades
  1557 | D        | Found Oce Nesh's Antique Weapon Shoppe.
  1560 | D        | Reached skill level 10 in Spellcasting
  1560 | D        | Found Liysueqa's Book Boutique.
  1562 | D        | Found Vouzutaj's Antique Armour Boutique.
  1562 | D        | Found Cuoss's Jewellery Emporium.
  1564 | D        | Found Riac's Assorted Antiques.
  1567 | D        | Found Ifisiled's Antique Weapon Emporium.
  2100 | D        | Found Qeicleim's Distillery.
  2100 | D        | Found Bugakol's Jewellery Shoppe.
  2100 | D        | Found Tymes's Antique Weapon Shop.
  2100 | D        | Found Ziwurug's General Store.
  2100 | D        | Found Jeank's Magic Scroll Boutique.
  2100 | D        | Found Witoff's Jewellery Shoppe.
  2100 | D        | Found Tekuwkar's Antique Armour Shop.
  2101 | D        | Bought a book of Cantrips for 156 gold pieces
  2103 | D        | Bought a ring of protection from fire for 250 gold pieces
  2104 | D        | Found Kenang's Assorted Antiques.
  2105 | D        | Bought a potion of invisibility for 88 gold pieces
  2115 | D        | Bought 2 potions of heal wounds for 240 gold pieces
  2125 | D        | Bought a runed dagger for 115 gold pieces
  2239 | D        | Bought the ring "Natuhesu" {+Blink Fly} for 346 gold pieces
  2239 | D        | Bought a ring of poison resistance for 220 gold pieces
  2246 | D        | Learned a level 1 spell: Apportation
  2250 | D        | Learned a level 3 spell: Dazzling Flash
  2252 | D        | Learned a level 1 spell: Animate Skeleton
  2303 | D        | Noticed an orange demon
  2428 | D        | Reached skill level 1 in Fighting
  2428 | D        | Reached skill level 1 in Evocations
  2433 | D        | Noticed a gargoyle
  2483 | D        | Reached skill level 5 in Ice Magic
  2483 | D        | Reached skill level 5 in Evocations
  2483 | D        | Killed a gargoyle
  2759 | D        | Noticed a lindwurm
  2762 | D        | Killed a lindwurm
  2784 | D        | Reached XP level 11. HP: 47/52 MP: 23/26
  2801 | D        | Reached skill level 10 in Evocations
  2897 | D        | Noticed a 12-headed hydra
  2899 | D        | Killed a 12-headed hydra
  2900 | D        | Reached skill level 5 in Fighting
  3233 | D        | Noticed a deep elf annihilator
  3340 | D        | Noticed a mummy priest
  3347 | D        | Killed from afar by a deep elf annihilator

Illustrated notes

Levels and vault maps discovered:
D:        dungeon_sprint_1 [red_sonja_temple_1, red_sonja_temple_small_1]

Skill      XL: |  1  2  3  4  5  6  7  8  9 10 11 |
---------------+----------------------------------+-----
Short Blades   | 2 5 7 8 12 | 12.0
Dodging        | 4 6 8 |  8.8
Stealth        | 5 8 10 18 19 24 27 | 27.0
Spellcasting   | 4 6 8 9 10 | 10.5
Hexes          | 4 6 8 |  8.5
Ice Magic      | 2 5 7 |  7.4
Fighting       | 3 5 |  5.9
Evocations     | 8 12 | 12.9

Action                   |  1- 3 |  4- 6 |  7- 9 | 10-12 || total
-------------------------+-------+-------+-------+-------++-------
Melee: Dagger            |    18 |     6 |       |    73 ||    97
       Short sword       |       |       |    23 |    44 ||    67
Throw: Dart              |       |       |     1 |     2 ||     3
 Cast: Ensorcelled Hiber |       |     2 |     4 |    14 ||    20
       Dazzling Flash    |       |       |       |    11 ||    11
       Confusing Touch   |       |       |       |     9 ||     9
       Tukima's Dance    |       |       |       |     4 ||     4
Invok: Potion Petition   |       |       |       |     2 ||     2
       Call Merchant     |       |       |       |     1 ||     1
 Abil: Evoke Blink       |       |       |       |     1 ||     1
       Evoke Invisibilit |       |       |       |     1 ||     1
Evoke: Wand              |       |       |       |     1 ||     1
  Use: Potion            |     2 |       |     2 |     6 ||    10
       Scroll            |       |       |       |     2 ||     2
 Stab: Sleeping          |     1 |     3 |     9 |    18 ||    31
       Invisible         |       |     1 |       |    15 ||    16
       Confused          |       |       |       |     7 ||     7
       Distracted        |       |       |       |     3 ||     3
Armor: Robe              |       |       |     1 |     3 ||     4
Dodge: Dodged            |     9 |     3 |    28 |    95 ||   135
Block: Buckler           |       |       |     7 |    22 ||    29

Table legend: (Time is in decaauts)
 A = Elapsed time spent in this place.
 B = Non-inter-level travel time spent in this place.
 C = Inter-level travel time spent in this place.
 D = Time resting spent in this place.
 E = Time spent auto-exploring this place.
 F = Levels seen in this place.
 G = Mean time per level.
                   A        B        C        D        E       F      G
               +--------+--------+--------+--------+--------+-----+--------+
         Total |   2992 |   2961 |     31 |   2117 |      0 |   1 | 2992.0 |
       Dungeon |   2992 |   2961 |     31 |   2117 |      0 |   1 | 2992.0 |
               +--------+--------+--------+--------+--------+-----+--------+

Top non-repeatable levels by time:
       D: 2992 daAuts
